 Dungeon Crawl Stone Soup version 0.31-a0-149-g3fdcc5976a (webtiles) character file.

Game seed: 7080522789175512811

8057 qw the Skirmisher (level 11, -5/99 HPs)
             Began as a Minotaur Hunter on June 7, 2023.
             Was a Priest of Okawaru.
             Slain by a two-headed ogre
             ... wielding a +0 giant spiked club
              (13 damage)
             ... on level 9 of the Dungeon.
             The game lasted 00:04:06 (9755 turns).

qw the Skirmisher (Minotaur Hunter)                 Turns: 9755, Time: 00:04:07

Health: -5/99      AC: 15    Str: 16    XL:     11   Next: 4%
Magic:  11/13      EV: 17    Int:  6    God:    Okawaru [***...]
Gold:   478        SH:  0    Dex: 18    Spells: 10/10 levels left

rFire   . . .        Y - +1 orcbow
rCold   . . .        (shield currently unavailable)
rNeg    + . .        p - +0 swamp dragon scales
rPois   +            (helmet restricted)
rElec   .            (no cloak)
rCorr   +            n - +0 pair of gloves
SInv    .            b - +2 pair of boots {Stlth+}
Will    .....        (no amulet)
Stlth   ++++         j - ring of positive energy
HPRegen 0.36/turn    r - ring of resist corrosion
MPRegen 0.13/turn

%: no passive effects
@: about to teleport, heroic
A: horns 2, retaliatory headbutt
a: Renounce Religion, Heroism


You were on level 9 of the Dungeon.
You worshipped Okawaru.
Okawaru was most pleased with you.
You visited 2 branches of the dungeon, and saw 10 of its levels.
You also visited: Ossuary.

You collected 478 gold pieces.


Innate Abilities, Weirdness & Mutations

You have a pair of horns on your head.
You reflexively headbutt those who attack you in melee.


   Skills:
 - Level 10.1(15.1) Fighting
 + Level 14.1(19.1) Ranged Weapons
 - Level 6.0(11.0) Armour
 - Level 6.0(11.0) Dodging
 - Level 0.7(5.7) Stealth
 - Level 4.0 Invocations


You had 10 spell levels left.
You didn't know any spells.
Your spell library was empty.

Inventory:

Hand Weapons
 Y - a +1 orcbow (weapon)
Armour
 b - a +2 pair of boots of stealth (worn)
 n - a +0 pair of gloves (worn)
 o - the +3 leather armour of the Hugging Gods {+Inv rC+ Str-3}
   (You found it on level 4 of the Dungeon)

   Str:       It affects your strength (-3).
   rC:        It protects you from cold.
   +Inv:      It lets you turn invisible.
 p - +0 swamp dragon scales (worn)
Jewellery
 d - the amulet "Pimear" {Acrobat +Blink rF+ Int-3 Dex+3}
   (You found it on level 9 of the Dungeon)

   [amulet of the acrobat]

   It increases your evasion while moving and waiting.
   Int:       It affects your intelligence (-3).
   Dex:       It affects your dexterity (+3).
   rF:        It protects you from fire.
   +Blink:    It lets you blink.
 j - a ring of positive energy (left hand)
 r - a ring of resist corrosion (right hand)
Scrolls
 c - 5 scrolls of identify
 i - 4 scrolls of teleportation
Potions
 a - 2 potions of cancellation
 e - 3 potions of haste
 f - a potion of magic
 g - 2 potions of resistance
 h - 2 potions of heal wounds
 k - a potion of mutation

Dungeon Overview and Level Annotations

Branches:
Dungeon (9/15)             Temple (1/1) D:4            Lair (0/5) D:9
Ossuary (visited)
    Orc: D:9-12

Altars:
Ashenzari
Cheibriados
Dithmenos
Elyvilon
Fedhas
Gozag
Hepliaklqana
Kikubaaqudgha
Makhleb
Nemelex Xobeh
Okawaru
Qazlal
Ru
Sif Muna
Trog
Uskayaw
Vehumet
Wu Jian
Xom
Yredelemnul
Zin
The Shining One

Annotations:
D:3 1 runed translucent door, Crazy Yiuf
D:4 2 runed translucent doors, qw's ghost, amateur MiHu
D:7 3 runed translucent doors, qw's ghost, amateur GrFi
D:9 1 runed translucent door, qw's ghost, journeyman GrFi


Message History

A two-headed ogre comes into view.
It is wielding a +0 giant spiked club and a +0 giant club.
9739 ||| FLEEEEING.
9740 ||| FLEEEEING.
9742 ||| FLEEEEING.
9743 ||| FLEEEEING.
9744 ||| FLEEEEING.
9745 ||| FLEEEEING.
9746 ||| FLEEEEING.
9747 ||| FLEEEEING.
9748 ||| FLEEEEING.
An orc wizard, a two-headed ogre and 2 yaks come into view.
The orc wizard moves out of view.
The two-headed ogre moves out of view.
Enter note:
Enter note:
Enter note:
Enter note:
Enter note:
Enter note:
9751 ||| FLEEEEING.
The yak bellows!
You hear a shout!
9752 ||| INVOKING Heroism.
You gain the combat prowess of a mighty hero.
You can no longer speed up your combat.
The two-headed ogre hits you with a +0 giant spiked club!!
The two-headed ogre misses you.
You shoot an arrow. The arrow hits the two-headed ogre.
The two-headed ogre is lightly wounded.
You shoot an arrow. The arrow hits the two-headed ogre.
The two-headed ogre is lightly wounded.
The two-headed ogre completely misses you.
You furiously retaliate!
You headbutt the two-headed ogre.
The two-headed ogre hits you with a +0 giant club!!
The yak gores you!
9755 ||| READING 5 scrolls of teleportation.
As you read the scroll of teleportation, it crumbles to dust.
You feel strangely unstable. The two-headed ogre misses you.
You furiously retaliate!
You headbutt the two-headed ogre.
The two-headed ogre hits you with a +0 giant club!
You die...

####.#..# #......## #
#.####..# .# #^# #O##
##. #.# #..# .. #.#
#.####O# #.#
#..#.#Y#.#..........#
#.#
#..O.Y...............
#.#
####@######.........#
#.# #.# #.........#
#.# ##.# #.........#
#####.# #..#
#.........# #.....#
#.## #..%......#
###.#.######.###
#..<......#
#............##
##.....)..#
####.#########..#
##........
###.......##......##
#####)##.


You could see 2 two-headed ogres and 2 yaks.

Vanquished Creatures
  Maggie (D:7)
  A gargoyle (D:9)
  A kobold demonologist (D:9)
  A komodo dragon (D:6)
  A hornet (D:9)
  Grinder (D:3)
  4 wraiths (D:9)
  3 yaks (D:9)
  2 wyverns (D:9)
  A steam dragon (D:9)
  5 water moccasins
  An ice beast (D:6)
  3 black bears (D:9)
  2 orc warriors (D:9)
  3 wolves (D:9)
  2 sky beasts
  2 ogres
  4 centaurs
  A phantom (D:6)
  An elf zombie (D:8)
  A kobold brigand (D:9)
  3 bullfrogs (D:8)
  2 elf skeletons (D:8)
  5 scorpions
  A water moccasin zombie (Ossuary)
  5 wights (D:8)
  19 killer bees
  4 hounds
  2 jellies
  4 gnoll boudas
  3 orc priests
  A sleepcap (D:6)
  A human skeleton (D:8)
  3 iguanas
  11 orc wizards
  2 mummies (Ossuary)
  15 gnolls
  8 adders
  2 white imps
  An ufetubus (D:4)
  3 adder zombies (Ossuary)
  2 worms
  3 dart slugs
  45 orcs
  9 endoplasms
  A giant cockroach (D:2)
  A gnoll zombie (Ossuary)
  6 goblins
  2 hobgoblins
  3 jackals (D:4)
  9 kobolds
  2 ball pythons
  7 bats
  4 hobgoblin zombies (Ossuary)
  5 kobold zombies (Ossuary)
  2 orc skeletons (D:8)
  5 orc zombies (Ossuary)
  6 rats
248 creatures vanquished.

Notes
Turn   | Place    | Note
-------+----------+-------------------------------------------
     0 | D:1      | qw the Minotaur Hunter began the quest for the Orb.
     0 | D:1      | Reached XP level 1. HP: 18/18 MP: 0/0
     0 | D:1      | 0 ||| qw: Version: 0.2-a-117-gc6b5c8b
     0 | D:1      | 0 ||| qw: Game counter: 2687
     0 | D:1      | 0 ||| qw: Always use a shield: true
     0 | D:1      | 0 ||| qw: God list: Okawaru
     0 | D:1      | 0 ||| qw: Allow faded altars: false
     0 | D:1      | 0 ||| qw: Do Orc after D:15 true
     0 | D:1      | 0 ||| qw: Do second Lair branch before Depths: true
     0 | D:1      | 0 ||| qw: Lair rune preference: random
     0 | D:1      | 0 ||| qw: Plans: Normal
     0 | D:1      | 0 ||| PLANNING D:1-11
    92 | D:1      | 92 ||| FLEEEEING.
    93 | D:1      | 93 ||| FLEEEEING.
    94 | D:1      | 94 ||| FLEEEEING.
    95 | D:1      | 95 ||| FLEEEEING.
    96 | D:1      | 96 ||| FLEEEEING.
    97 | D:1      | 97 ||| FLEEEEING.
    98 | D:1      | 98 ||| FLEEEEING.
    99 | D:1      | 99 ||| FLEEEEING.
   100 | D:1      | 100 ||| FLEEEEING.
   102 | D:1      | 102 ||| FLEEEEING.
   117 | D:1      | Reached XP level 2. HP: 25/25 MP: 1/1
   145 | D:1      | Reached skill level 5 in Ranged Weapons
   162 | D:1      | 162 ||| Stepping ~*~*~tactically~*~*~ (outnumbered).
   419 | D:1      | Reached skill level 3 in Fighting
   626 | D:1      | 626 ||| UPGRADING to +0 ring mail.
   636 | D:1      | 636 ||| DROPPING +0 leather armour.
   637 | D:1      | 637 ||| READING scroll labelled NAARIU GASA.
   638 | D:1      | 638 ||| READING scroll labelled ALUCKAU BETUDI.
   639 | D:1      | 639 ||| READING scroll labelled FOUDEJO GOSCHOO.
   640 | D:1      | 640 ||| READING scroll labelled HOPRO MOUDEOTI.
   645 | D:1      | 645 ||| DRINKING 2 green potions.
   646 | D:1      | 646 ||| DROPPING scroll of butterflies.
   661 | D:2      | 661 ||| FLEEEEING.
   669 | D:2      | Reached skill level 1 in Armour
   693 | D:2      | Reached XP level 3. HP: 31/31 MP: 2/2
   755 | D:2      | Found a shadowy altar of Dithmenos.
  1055 | D:2      | 1055 ||| UPGRADING to +2 pair of boots of stealth.
  1060 | D:2      | 1060 ||| UPGRADING to ring of positive energy.
  1061 | D:2      | 1061 ||| READING 4 scrolls labelled MOCOSO SUDWOOT.
  1062 | D:2      | 1062 ||| DRINKING 2 orange potions.
  1063 | D:2      | 1063 ||| READING 3 scrolls of identify.
  1063 | D:2      | 1063 ||| IDENTIFYING fizzy cyan potion
  1064 | D:2      | 1064 ||| READING 2 scrolls of identify.
  1064 | D:2      | 1064 ||| IDENTIFYING fizzy silvery potion
  1065 | D:2      | 1065 ||| DROPPING potion of magic.
  1175 | D:3      | Noticed Grinder
  1178 | D:3      | Paralysed by Grinder for 5 turns
  1189 | D:3      | Paralysed by Grinder for 5 turns
  1197 | D:3      | Paralysed by Grinder for 2 turns
  1202 | D:3      | Paralysed by Grinder for 4 turns
  1206 | D:3      | Killed Grinder
  1207 | D:3      | Reached skill level 7 in Ranged Weapons
  1207 | D:3      | Reached XP level 4. HP: 10/38 MP: 3/3
  1207 | D:3      | Reached XP level 5. HP: 12/45 MP: 4/4
  1935 | D:3      | Found a runed translucent door.
  1936 | D:3      | Noticed Crazy Yiuf
  2025 | D:3      | 2025 ||| DROPPING ring of magical power.
  2026 | D:3      | 2026 ||| READING scroll labelled ESUMO CI XEU.
  2085 | D:4      | Reached XP level 6. HP: 47/51 MP: 5/5
  2208 | D:4      | Identified the +3 leather armour of the Hugging Gods {+Inv
                  | rC+ Str-3}
  2322 | D:4      | Found a large runed translucent door.
  2323 | D:4      | Found a large runed translucent door.
  2325 | D:4      | Noticed qw's ghost (amateur MiHu)
  2372 | D:4      | Found a staircase to the Ecumenical Temple.
  2373 | D:4      | 2373 ||| PLANNING TEMPLE
  2373 | D:4      | 2373 ||| UPGRADING to +3 leather armour of the Hugging Gods
                  | {+Inv rC+ Str-3}.
  2383 | D:4      | 2383 ||| DROPPING +0 ring mail.
  2384 | D:4      | 2384 ||| READING scroll labelled JYFUPU PIUNYAXT.
  2385 | D:4      | 2385 ||| READING scroll labelled PUROIRINNAPS.
  2387 | D:4      | 2387 ||| Stepping ~*~*~tactically~*~*~ (cloud).
  2507 | Temple   | Entered the Ecumenical Temple
  2918 | Temple   | 2918 ||| PLANNING D:1-11
  3093 | D:4      | HP: 10/52 [something/magic dart (6)]
  3096 | D:4      | 3096 ||| READING scroll of teleportation.
  3097 | D:4      | 3097 ||| DRINKING potion of heal wounds.
  3221 | D:4      | Reached skill level 8 in Ranged Weapons
  3354 | D:4      | Found a shimmering altar of Xom.
  3354 | D:4      | Found an iron altar of Okawaru.
  3355 | D:4      | 3355 ||| PLANNING OKAWARU WORSHIP
  3359 | D:4      | Became a worshipper of Warmaster Okawaru
  3359 | D:4      | 3359 ||| PLANNING D:1-11
  3896 | D:5      | Entered Level 5 of the Dungeon
  3896 | D:5      | Noticed a water moccasin
  3902 | D:5      | 3902 ||| STAIRDANCE
  3908 | D:4      | Killed a water moccasin
  3909 | D:4      | Reached XP level 7. HP: 34/62 MP: 6/6
  4110 | D:5      | 4110 ||| Stepping ~*~*~tactically~*~*~ (outnumbered).
  4126 | D:5      | Reached * piety under Okawaru
  4127 | D:5      | Reached skill level 3 in Dodging
  4140 | D:5      | 4140 ||| FLEEEEING.
  4147 | D:5      | 4147 ||| INVOKING Heroism.
  4155 | D:5      | HP: 12/62 [something (4)]
  4187 | D:5      | 4187 ||| FLEEEEING.
  4188 | D:5      | 4188 ||| INVOKING Heroism.
  4198 | D:5      | HP: 1/62 [ogre/+0 giant spiked club (16)]
  4205 | D:5      | Reached skill level 9 in Ranged Weapons
  4375 | D:5      | 4375 ||| FLEEEEING.
  4376 | D:5      | 4376 ||| FLEEEEING.
  4377 | D:5      | 4377 ||| FLEEEEING.
  4378 | D:5      | 4378 ||| FLEEEEING.
  4379 | D:5      | 4379 ||| STAIRDANCE
  4634 | D:5      | Reached skill level 1 in Invocations
  4648 | D:5      | Reached skill level 6 in Fighting
  4847 | D:5      | 4847 ||| DRINKING potion of curing.
  4847 | D:5      | 4847 ||| (to cure confusion)
  4861 | D:5      | Reached XP level 8. HP: 61/70 MP: 8/8
  4946 | D:5      | 4946 ||| UPGRADING to +1 ring mail of poison resistance.
  4956 | D:5      | 4956 ||| DRINKING 2 glowing emerald potions.
  4957 | D:5      | 4957 ||| READING 4 scrolls of identify.
  4957 | D:5      | 4957 ||| IDENTIFYING fizzy brown potion
  4958 | D:5      | 4958 ||| READING 3 scrolls of identify.
  4958 | D:5      | 4958 ||| IDENTIFYING dark potion
  4959 | D:5      | 4959 ||| READING 2 scrolls of identify.
  4959 | D:5      | 4959 ||| IDENTIFYING glowing silvery potion
  4960 | D:5      | 4960 ||| DROPPING potion of enlightenment.
  4961 | D:5      | 4961 ||| DROPPING potion of ambrosia.
  4962 | D:5      | 4962 ||| DROPPING potion of lignification.
  4984 | D:6      | 4984 ||| INVOKING Heroism.
  5183 | D:6      | You fall into a shaft and drop 1 floor!
  5318 | D:6      | Reached skill level 3 in Invocations
  5620 | D:6      | 5620 ||| INVOKING Heroism.
  5817 | D:6      | 5817 ||| INVOKING Heroism.
  5944 | D:6      | 5944 ||| SWAPPING to +0 orcbow.
  5948 | D:6      | 5948 ||| INVOKING Heroism.
  5953 | D:6      | Reached skill level 10 in Ranged Weapons
  5983 | D:6      | 5983 ||| DROPPING +0 shortbow.
  6439 | D:6      | 6439 ||| READING 3 scrolls of identify.
  6439 | D:6      | 6439 ||| IDENTIFYING sedimented blue potion
  6482 | D:7      | Noticed a komodo dragon
  6483 | D:7      | 6483 ||| INVOKING Heroism.
  6497 | D:7      | 6497 ||| STAIRDANCE
  6497 | D:7      | HP: 18/73 [komodo dragon (13)]
  6499 | D:6      | 6499 ||| READING 2 scrolls of teleportation.
  6500 | D:6      | 6500 ||| INVOKING Heroism.
  6500 | D:6      | HP: 7/73 [komodo dragon (9)]
  6502 | D:6      | Killed a komodo dragon
  6503 | D:6      | Reached XP level 9. HP: 8/79 MP: 8/11
  6748 | D:7      | 6748 ||| INVOKING Heroism.
  6924 | D:7      | Noticed Maggie
  6930 | D:7      | 6930 ||| INVOKING Heroism.
  6939 | D:7      | Killed Maggie
  6940 | D:7      | Reached skill level 11 in Ranged Weapons
  7058 | D:7      | 7058 ||| INVOKING Heroism.
  7115 | D:7      | Reached skill level 3 in Armour
  7130 | D:7      | 7130 ||| FLEEEEING.
  7167 | D:7      | Found a runed translucent gate.
  7168 | D:7      | Found a runed translucent gate.
  7192 | D:7      | Found a runed translucent gate.
  7192 | D:7      | Noticed a kobold demonologist
  7194 | D:7      | Noticed qw's ghost (amateur GrFi)
  7363 | D:7      | 7363 ||| INVOKING Heroism.
  7494 | D:7      | 7494 ||| UPGRADING to +0 pair of gloves.
  7499 | D:7      | 7499 ||| UPGRADING to +0 swamp dragon scales.
  7509 | D:7      | 7509 ||| DROPPING +1 ring mail of poison resistance.
  7510 | D:7      | 7510 ||| READING scroll labelled OLUEDO MEEME.
  7511 | D:7      | 7511 ||| READING 3 scrolls of identify.
  7511 | D:7      | 7511 ||| IDENTIFYING inky potion
  7512 | D:7      | 7512 ||| DROPPING potion of berserk rage.
  7531 | D:8      | 7531 ||| PLANNING OSSUARY
  7583 | D:8      | Noticed a boulder beetle
  7584 | D:8      | Noticed a centaur warrior
  7677 | D:8      | Reached skill level 12 in Ranged Weapons
  7693 | D:8      | 7693 ||| INVOKING Heroism.
  7806 | D:8      | Reached ** piety under Okawaru
  7807 | D:8      | 7807 ||| INVOKING Heroism.
  7942 | D:8      | 7942 ||| INVOKING Heroism.
  7943 | D:8      | 7943 ||| Stepping ~*~*~tactically~*~*~ (outnumbered).
  7970 | D:8      | Found a blossoming altar of Fedhas.
  8073 | D:8      | Found a sand-covered staircase.
  8096 | D:8      | 8096 ||| READING 2 scrolls of identify.
  8096 | D:8      | 8096 ||| IDENTIFYING cyan potion
  8097 | D:8      | 8097 ||| DROPPING potion of attraction.
  8101 | Ossuary  | Entered an ossuary
  8212 | Ossuary  | Reached XP level 10. HP: 87/88 MP: 12/12
  8252 | Ossuary  | 8252 ||| UPGRADING to ring of resist corrosion.
  8253 | Ossuary  | 8253 ||| READING scroll labelled BAAMPE SUHADUD.
  8254 | Ossuary  | 8254 ||| READING scroll labelled MIUNESIQUL.
  8255 | Ossuary  | 8255 ||| DRINKING 2 coppery potions.
  8256 | Ossuary  | 8256 ||| READING 4 scrolls of identify.
  8256 | Ossuary  | 8256 ||| IDENTIFYING fuming yellow potion
  8257 | Ossuary  | 8257 ||| DROPPING potion of brilliance.
  8258 | Ossuary  | 8258 ||| DROPPING potion of invisibility.
  8265 | D:8      | 8265 ||| PLANNING D:1-11
  8826 | D:9      | Found a runed translucent door.
  8826 | D:9      | Noticed qw's ghost (journeyman GrFi)
  8830 | D:9      | Noticed a gargoyle
  8837 | D:9      | 8837 ||| INVOKING Heroism.
  8839 | D:9      | Killed a gargoyle
  8963 | D:9      | Reached skill level 13 in Ranged Weapons
  8973 | D:9      | 8973 ||| INVOKING Heroism.
  9120 | D:9      | Reached skill level 9 in Fighting
  9131 | D:9      | 9131 ||| INVOKING Heroism.
  9133 | D:9      | Reached skill level 6 in Dodging
  9147 | D:9      | Reached *** piety under Okawaru
  9167 | D:9      | 9167 ||| INVOKING Heroism.
  9338 | D:9      | Found a staircase to the Lair.
  9457 | D:9      | 9457 ||| INVOKING Heroism.
  9482 | D:9      | Reached skill level 14 in Ranged Weapons
  9483 | D:9      | 9483 ||| INVOKING Heroism.
  9495 | D:9      | Reached skill level 6 in Armour
  9534 | D:9      | Identified the amulet "Pimear" {Acrobat +Blink rF+ Int-3
                  | Dex+3}
  9708 | D:9      | 9708 ||| INVOKING Heroism.
  9713 | D:9      | Reached XP level 11. HP: 68/99 MP: 10/13
  9718 | D:9      | Reached **** piety under Okawaru
  9738 | D:9      | Noticed a two-headed ogre
  9739 | D:9      | 9739 ||| FLEEEEING.
  9740 | D:9      | 9740 ||| FLEEEEING.
  9742 | D:9      | 9742 ||| FLEEEEING.
  9743 | D:9      | 9743 ||| FLEEEEING.
  9744 | D:9      | 9744 ||| FLEEEEING.
  9745 | D:9      | 9745 ||| FLEEEEING.
  9746 | D:9      | 9746 ||| FLEEEEING.
  9747 | D:9      | 9747 ||| FLEEEEING.
  9748 | D:9      | 9748 ||| FLEEEEING.
  9750 | D:9      | Noticed a two-headed ogre
  9751 | D:9      | 9751 ||| FLEEEEING.
  9752 | D:9      | 9752 ||| INVOKING Heroism.
  9754 | D:9      | HP: 19/99 [two-headed ogre/+0 giant spiked club (19)]
  9754 | D:9      | HP: 7/99 [yak (12)]
  9755 | D:9      | 9755 ||| READING 5 scrolls of teleportation.
  9755 | D:9      | Slain by a two-headed ogre

Levels and vault maps discovered:
D:1:      minmay_arrival_five_plusses, layout_basic, minmay_stone_trees_medium
D:2:      layout_rooms, basic_altar, serial_glass, glass_columns_b,
          glass_columns_a, item_on_display_a, due_unseen_surprise,
          item_on_display_a
D:3:      layout_basic, hangedman_decor_slide_cut, grunt_decor_resistance,
          chequers_avenue, uniq_grinder, uniq_crazy_yiuf_cottage
D:4:      layout_basic, nicolae_overflow_two_pavilions,
          minmay_temple_entry_fiery, ebering_ghost_disaster_area, minivault_1,
          minmay_distorted
D:5:      layout_rooms, chequers_serial_rivers_large_b, nicolae_letterblocks
          [nicolae_letter_subblock, nicolae_letter_subblock,
          nicolae_letter_subblock, nicolae_letter_subblock,
          nicolae_letter_subblock, nicolae_letter_subblock,
          nicolae_letter_subblock, nicolae_letter_subblock,
          nicolae_letter_subblock, nicolae_letter_subblock,
          nicolae_letter_subblock, nicolae_letter_subblock,
          nicolae_letter_subblock, nicolae_letter_subblock,
          nicolae_letter_subblock, nicolae_letter_subblock,
          nicolae_letter_subblock, nicolae_letter_subblock,
          nicolae_letter_subblock, nicolae_letter_subblock,
          nicolae_letter_subblock, nicolae_letter_subblock,
          nicolae_letter_subblock, nicolae_letter_subblock,
          nicolae_letter_subblock]
D:6:      layout_layer_cave
D:7:      layout_loops_cross, gammafunk_ghost_nasty_kobolds,
          kennysheep_crisscross, uniq_maggie
D:8:      layout_gridville, fedhas_altar_2, nicolae_ossuary_entry_catacombs,
          nicolae_eternal_life, lightli_corner_chamber
D:9:      layout_rooms, minmay_lair_entry_grove, hellmonk_ghost_happy_afterlife,
          serial_shops, kennysheep_little_box, minmay_misc_feat_hallway,
          onia_ninara_cookie
Temple:   compressed_dpeg_triangle_lava_temple

Skill      XL: |  1  2  3  4  5  6  7  8  9 10 |
---------------+-------------------------------+-----
Ranged Weapons | 5 7 8 9 10 12 14 | 14.1
Fighting       | 3 5 6 7 8 10 | 10.1
Armour         | 1 2 5 6 |  6.0
Dodging        | 3 5 6 |  6.0
Invocations    | 1 4 |  4.0
Stealth        | |  0.7

Action                     |  1- 3 |  4- 6 |  7- 9 | 10-12 || total
---------------------------+-------+-------+-------+-------++-------
   Fire: Shortbow          |   108 |   109 |   239 |       ||   456
         Orcbow            |       |       |   276 |   223 ||   499
 Invoke: Heroism           |       |       |    15 |     8 ||    23
    Use: Scroll            |     7 |     4 |     8 |     4 ||    23
         Potion            |     2 |     1 |     2 |     1 ||     6
 Armour: Leather armour    |     5 |    21 |    46 |       ||    72
         Ring mail         |     9 |     3 |    33 |       ||    45
         Swamp dragon scal |       |       |    36 |    97 ||   133
  Dodge: Dodged            |    27 |    23 |   145 |   159 ||   354

Table legend:
 A = Non-vault XP
 B = Vault XP
 C = Vault XP percentage of total XP
 D = Non-vault monster count
 E = Vault monster count
 F = Vault count percentage of total count
                 A         B        C        D         E       F
            +---------+---------+-------+---------+---------+-------
      Total |    7023 |    4488 |  39.0 |     196 |      52 |  21.0
            +---------+---------+-------+---------+---------+-------
        D:1 |      30 |       0 |   0.0 |      15 |       0 |   0.0
        D:2 |      35 |       0 |   0.0 |      15 |       0 |   0.0
        D:3 |      47 |     267 |  85.0 |      11 |       1 |   8.3
        D:4 |     390 |      15 |   3.7 |      22 |       2 |   8.3
        D:5 |     644 |       0 |   0.0 |      24 |       0 |   0.0
        D:6 |    1452 |       0 |   0.0 |      34 |       0 |   0.0
        D:7 |     688 |     424 |  38.1 |      18 |       1 |   5.3
        D:8 |    1491 |     312 |  17.3 |      34 |       6 |  15.0
        D:9 |    2246 |    3325 |  59.7 |      23 |      21 |  47.7
    Ossuary |       0 |     145 | 100.0 |       0 |      21 | 100.0
            +---------+---------+-------+---------+---------+-------
